 Dungeon Sprint DCSS version 0.21-a0-221-gfe971b9 (webtiles) character file.

32 potatolord6000 the Twirler (level 3, 0/31 HPs)
             Began as a Draconian Gladiator on Aug 25, 2017.
             Was a Follower of Qazlal.
             Slain by a fire bat (9 damage)
             ... in the Dungeon (Sprint VII: "The Pits").
             The game lasted 00:01:39 (246 turns).

potatolord6000 the Twirler (Draconian Gladiator)     Turns: 246, Time: 00:01:40

Health: 0/31       AC:  5    Str: 16    XL:     3   Next: 10%
Magic:  5/6        EV: 13    Int:  8    God:    Qazlal [*.....]
Gold:   0          SH:  2    Dex: 13    Spells: 6/6 levels left

rFire    . . .     SeeInvis .   k - +2 quarterstaff
rCold    . . .     Gourm    .   (shield currently unavailable)
rNeg     . . .     Faith    .   (armour unavailable)
rPois    .         Spirit   .   b - +0 hat
rElec    .         Reflect  .   (no cloak)
rCorr    .         Harm     .   (no gloves)
MR       .....     NoTele   +   (no boots)
Stlth    ++........             (no amulet)
HPRegen  0.10/turn              (no ring)
MPRegen  0.10/turn              (no ring)

@: hasted, invisible, very quick
A: unfitting armour, cold-blooded, AC +5
a: Renounce Religion


You were in the Dungeon.
You worshipped Qazlal.
Qazlal was aware of your devotion.
You were not hungry.

You visited 1 branch

Inventory:

Hand Weapons
 k - a +2 quarterstaff (weapon)
Armour
 b - a +0 hat (worn)
Scrolls
 c - 3 scrolls of remove curse
 j - a scroll of blinking
 l - 5 scrolls of amnesia
 m - a scroll of summoning
Potions
 a - a potion of invisibility
 h - 4 potions of magic
 i - 3 potions of berserk rage
Comestibles
 d - 8 bread rations
 n - 40 fruits
 o - 7 meat rations


   Skills:
 + Level 3.5 Fighting
 + Level 3.8 Staves
 - Level 2.2 Throwing
 + Level 3.7 Dodging
 + Level 2.2 Stealth
 + Level 2.2 Spellcasting


You had 6 spell levels left.
You didn't know any spells.

Dungeon Overview and Level Annotations

Branches:
Dungeon (1/1)

Altars:
Ashenzari
Cheibriados
Dithmenos
Elyvilon
Fedhas
Gozag
Hepliaklqana
Kikubaaqudgha
Makhleb
Nemelex Xobeh
Okawaru
Qazlal
Ru
Sif Muna
Trog
Uskayaw
Vehumet
Wu Jian
Xom
Yredelemnul
Zin
The Shining One
Beogh
Jiyva
Lugonu


Innate Abilities, Weirdness & Mutations

Your plain brown scales are hard. (AC +5)
You cannot fit into any form of body armour.
You are cold-blooded and may be slowed by cold attacks.


Message History

You hit the leopard gecko.
You kill the leopard gecko!
Qazlal accepts your kill.
You feel sick.
Unknown command.
You see here a leopard gecko corpse.
Unknown command.
You feel better.
You open the door.
An ooze and an ufetubus come into view.
There is an open door here.
The ufetubus shouts!
A fire bat and a quokka come into view.
The fire bat bites you.
You are engulfed in flames!
The ooze barely misses you.
Unknown command.
You fade into invisibility!
The fire bat bites you.
* * * LOW HITPOINT WARNING * * *
You are engulfed in flames!
You die...

#.........).'..........
#+#####'#####......#..#
#..#..# #..........
#††'..# ####+#####+
#..#### #.......#
#..#.r# #.......#
#..#..# #.......#
##'#b.#+###...<...#
#...@J5..##.......#
#........##.......#
###########.......#
#########


You could see a fire bat, an ooze, an ufetubus and a quokka (sleeping).

Vanquished Creatures
  An adder (D)
  A gnoll (D)
  An ufetubus (D)
  An ooze (D)
  A leopard gecko (D)
  A rat (D)
6 creatures vanquished.

Notes
Turn   | Place    | Note
-------+----------+-------------------------------------------
     0 | D        | potatolord6000 the Draconian Gladiator began the quest for the Orb.
     0 | D        | Reached XP level 1. HP: 17/17 MP: 1/1
    20 | D        | Reached skill level 1 in Stealth
    20 | D        | Reached skill level 1 in Spellcasting
    20 | D        | Reached XP level 2. HP: 10/25 MP: 2/4
    55 | D        | Found a bloodstained altar of Trog.
    55 | D        | Found a deep blue altar of Sif Muna.
    55 | D        | Found a viscous altar of Jiyva.
    55 | D        | Found a hazy altar of Hepliaklqana.
    55 | D        | Found an opulent altar of Gozag.
    56 | D        | Found a glowing golden altar of the Shining One.
    56 | D        | Found a glowing silver altar of Zin.
    56 | D        | Found a basalt altar of Yredelemnul.
    56 | D        | Found a shimmering altar of Xom.
    56 | D        | Found an ornate altar of the Wu Jian Council.
    56 | D        | Found a sacrificial altar of Ru.
    56 | D        | Found a stormy altar of Qazlal.
    56 | D        | Found an iron altar of Okawaru.
    56 | D        | Found a sparkling altar of Nemelex Xobeh.
    56 | D        | Found a burning altar of Makhleb.
    56 | D        | Found a blossoming altar of Fedhas.
    56 | D        | Found a white marble altar of Elyvilon.
    56 | D        | Found a shadowy altar of Dithmenos.
    56 | D        | Found a snail-covered altar of Cheibriados.
    59 | D        | Found a corrupted altar of Lugonu.
    59 | D        | Found a radiant altar of Vehumet.
    59 | D        | Found a roughly hewn altar of Beogh.
    60 | D        | Found an ancient bone altar of Kikubaaqudgha.
    60 | D        | Found a hide-covered altar of Uskayaw.
    60 | D        | Found a shattered altar of Ashenzari.
    63 | D        | Became a worshipper of Qazlal Stormbringer
   223 | D        | Reached * piety under Qazlal
   232 | D        | Reached XP level 3. HP: 22/31 MP: 4/6
   244 | D        | Noticed a fire bat
   246 | D        | Slain by a fire bat

Vault maps used:
D:        pitsprint

Skill      XL: |  1  2 |
---------------+-------+-----
Throwing       | 2 |  2.2
Dodging        | 3 |  3.7
Stealth        | 1 2 |  2.2
Spellcasting   | 1 2 |  2.2
Fighting       | 3 |  3.5
Staves         | |  3.8

Action                   || total
-------------------------++-------
Melee: Quarterstaff      ||    17
  Use: Potion            ||     4
Armor: Skin              ||     6
Dodge: Dodged            ||    15
Block: Other             ||     1

Table legend:
 A = Spawn XP
 B = Non-spawn XP
 C = Spawn XP percentage of total XP
 D = Spawn monster count
 E = Non-spawn monster count
 F = Spawn count percentage of total count
 G = Total turns spent on level
                    A         B        C        D         E        F      G
               +---------+---------+-------+---------+---------+-------+---------
         Total |       0 |      47 |   0.0 |       0 |       6 |   0.0 |   246
               +---------+---------+-------+---------+---------+-------+---------
             D |       0 |      47 |   0.0 |       0 |       6 |   0.0 |   246
               +---------+---------+-------+---------+---------+-------+---------
